Cogmind - Beta 14 @@@ ROGUE MODE // 2024.09.19 @ 15:32:58 Player: rice Result: Self-destructed Performance ------------- Evolutions (2) 1000 Regions Visited (7) 1400 Robots Destroyed (65) 325 Value Destroyed (1587) 1587 Prototype IDs (29) 580 Alien Tech Used (0) 0 Bonus (72) 72 TOTAL SCORE: 4964 Bonus ------- Follower Combat Kills 72 Cogmind --------- Core Integrity 376/550 Matter 280/300 Energy 138/150 System Corruption 0% Temperature Cool (0) Movement Treading (240) Ox1 Location -8/Materials Parts ------- > --- POWER (1) -------- Light Angular Momentum Engine > --- PROPULSION (4) --- Light Treads Light Treads Light Treads Light Treads > --- UTILITY (4) ------ Huge Storage Unit Utility Shielding Medium Armor Plating Hacking Suite > --- WEAPON (2) ------- Field Laser Autogun > --- INVENTORY (25) --- Deuterium Engine Light Deuterium Engine Light Treads Light Treads Light Treads Light Treads Light Treads Improved Treads Advanced Treads Improved VTOL Module Improved Heat Sink Cooling System Large Storage Unit Improved Terrain Scanner Seismic Detector Utility Shielding Utility Shielding Medium Armor Plating Medium Armor Plating Hardened Light Armor Plating Makeshift System Restoration Module Improved EM Shotgun Rocket Launcher Field Lobotomy Kit (5) Makeshift Axe Peak State ------------ > --- POWER ------------ Light Angular Momentum Engine > --- PROPULSION ------- Light Treads Light Treads Light Treads Light Treads > --- UTILITY ---------- Huge Storage Unit Utility Shielding Medium Armor Plating Hacking Suite > --- WEAPON ----------- Heavy Laser Autogun > --- INVENTORY -------- Deuterium Engine Light Deuterium Engine Light Treads Light Treads Light Treads Light Treads Light Treads Improved Treads Improved VTOL Module Improved Heat Sink Cooling System Large Storage Unit Improved Terrain Scanner Seismic Detector Utility Shielding Utility Shielding Medium Armor Plating Medium Armor Plating Medium Armor Plating Hardened Light Armor Plating Makeshift System Restoration Module Improved EM Shotgun Rocket Launcher Field Lobotomy Kit Makeshift Axe [Rating: 28] Favorites ----------- Power Light Ion Engine Engine Light Ion Engine Propulsion Light Treads Treads Light Treads Leg Aluminum Leg Wheel Armored Wheel Flight Unit Improved VTOL Module Utility Huge Storage Unit Device Experimental Sensor Array Storage Huge Storage Unit Hackware Hacking Suite Protection Utility Shielding Weapon Spread Laser Energy Gun Spread Laser Ballistic Gun Light Assault Rifle Build | -11 -10 -10 -9 -9 -9 -8 -8 ------- Run | Yrd Mat Min Mat Min Exi Min Mat Slots Evolved 4 | . . . 2 . . . 2 Power . | . . . . . . . . Propulsion 2 | . . . . . . . 2 Utility 2 | . . . 2 . . . . Weapon . | . . . . . . . . Parts Attached 64 | 7 8 1 17 6 2 6 17 Power 10 | 2 . 1 2 1 . 2 2 Engine 10 | 2 . 1 2 1 . 2 2 Core . | . . . . . . . . Reactor . | . . . . . . . . Propulsion 23 | 2 2 . 5 . 2 2 10 Treads 15 | . 2 . . . 2 2 9 Leg 2 | 2 . . . . . . . Wheel 5 | . . . 5 . . . . Hover . | . . . . . . . . Flight 1 | . . . . . . . 1 Utility 17 | 1 4 . 6 3 . 1 2 Device 1 | . . . . 1 . . . Storage 5 | 1 3 . 1 . . . . Processor . | . . . . . . . . Hackware 1 | . . . 1 . . . . Protection 10 | . 1 . 4 2 . 1 2 Artifact . | . . . . . . . . Weapon 14 | 2 2 . 4 2 . 1 3 Energy Gun 6 | 1 . . 2 1 . . 2 Energy Cannon . | . . . . . . . . Ballistic Gun 8 | 1 2 . 2 1 . 1 1 Ballistic Cannon . | . . . . . . . . Launcher . | . . . . . . . . Special Weapon . | . . . . . . . . Impact Weapon . | . . . . . . . . Slashing Weapon . | . . . . . . . . Piercing Weapon . | . . . . . . . . Special Melee Weapon . | . . . . . . . . Unidentified Prototypes 2 | . . . . 1 . . 1 Parts Lost 9 | . . 1 2 2 . 2 2 Power 3 | . . . 1 1 . 1 . Propulsion 1 | . . . . . . 1 . Utility 3 | . . 1 . . . . 2 Weapon 2 | . . . 1 1 . . . Highest Loss Streak 2 | . . 1 1 1 . 2 1 To Critical Strikes . | . . . . . . . . Average Slot Usage (%) 98 | . 99 91 99 99 100 99 99 Engine 11 | . 14 14 10 10 11 10 9 Treads 18 | . 14 28 3 . 15 21 36 Leg 2 | . 13 . . . . . . Wheel 5 | . . . 18 22 6 . . Storage 11 | . 14 14 11 11 11 11 9 Hackware 6 | . . . 11 11 11 11 9 Protection 16 | . 13 6 22 22 22 22 17 Energy Gun 11 | . 14 14 11 11 11 11 6 Ballistic Gun 12 | . 14 14 11 11 11 11 11 Peak Build Rating 28 | 6 8 8 19 26 19 22 28 Average Rating 15 | 4 7 7 16 18 18 21 25 On Entrance 12 | . 6 8 8 19 18 18 20 Naked Turns . | . . . . . . . . Heaviest Build 104 | 13 90 90 97 97 93 100 104 Greatest Support 80 | 20 40 40 40 24 43 43 80 Greatest Overweight (x) 9 | . 2 2 9 4 3 4 1 Average Overweight (x) 2 | . 1 2 4 3 2 2 1 Largest Inventory Capacity 25 | 8 25 25 25 25 25 25 25 Average Capacity 23 | 7 18 25 25 25 25 25 25 Most Carried 25 | 3 17 19 25 25 25 25 25 Average Carried 20 | 1 12 17 22 24 23 24 24 Final Capacity 25 | 8 25 25 25 25 25 25 25 Final Carried 25 | 3 17 19 24 24 24 24 25 Class Distribution -------------------- 70% | Mutant 29% | Scavenger-Mutant Dominant Class ---------------- Mutant | -10/Materials Mutant | -10/Mines Mutant | -9/Materials Mutant | -9/Mines Scavenger-Mutant | -9/Exiles Scavenger-Mutant | -8/Mines Scavenger-Mutant | -8/Materials Resources | -11 -10 -10 -9 -9 -9 -8 -8 ----------- Run | Yrd Mat Min Mat Min Exi Min Mat Matter Collected 1243 | 222 186 29 205 85 20 131 365 Remotely . | . . . . . . . . Salvage Created 1929 | . 406 6 449 117 . 218 733 Parts 124 | . 36 . 25 9 . 15 39 Haulers Intercepted 3 | . 2 . . . . . 1 Recyclers Shooed 1 | . . . . . . . 1 Parts Field Recycled . | . . . . . . . . Retrieved Matter . | . . . . . . . . Parts Self-Destructed . | . . . . . . . . Prevented . | . . . . . . . . Kills | -11 -10 -10 -9 -9 -9 -8 -8 ------- Run | Yrd Mat Min Mat Min Exi Min Mat Combat Hostiles Destroyed 52 | . 11 1 15 5 . 10 10 Guns 52 | . 11 1 15 5 . 10 10 Classes Destroyed 11 | . 6 2 1 . . 1 1 Worker 1 | . . 1 . . . . . Builder 2 | . . . . . . . 2 Hauler 3 | . 2 . . . . . 1 Recycler 2 | . 1 . . . . . 1 Operator 2 | . 1 . . . . . 1 Watcher 3 | . 2 . 1 . . . . Swarmer 23 | . 10 . 4 3 . 6 . Grunt 24 | . 1 . 10 2 . 3 8 Brawler 1 | . . . . . . 1 . Sentry 3 | . . . 1 . . . 2 Demolisher 1 | . . 1 . . . . . Best Kill Streak 6 | . 3 2 4 3 . 5 6 Combat Bots Only 5 | . 3 1 4 3 . 5 3 Max Kills in Single Turn 2 | . 1 1 1 2 . 2 2 Gunslinging 1 | . . . . 1 . 1 . Exploded . | . . . . . . . . Melee . | . . . . . . . . Uniques/NPCs Destroyed . | . . . . . . . . Combat | -11 -10 -10 -9 -9 -9 -8 -8 -------- Run | Yrd Mat Min Mat Min Exi Min Mat Hostile Shots Fired 296 | . 56 9 63 25 . 73 70 Missed 59 | . 15 . 10 3 . 19 12 Damage Taken 3125 | . 354 373 618 246 . 579 955 Core 586 | . 97 102 175 21 . 17 174 Absorbed by Shields . | . . . . . . . . Redirected to Shielding 71 | . 26 27 . 3 . 6 9 Core Remaining (%) 55 | 100 . 20 . . . 46 . Volleys Fired 184 | . 49 7 46 9 . 26 47 Largest 2 | . 2 2 2 2 . 2 2 Hottest 93 | . 70 70 85 85 . 93 92 Shots Fired 364 | . 98 14 92 18 . 49 93 Gun 364 | . 98 14 92 18 . 49 93 Cannon . | . . . . . . . . Launcher . | . . . . . . . . Special . | . . . . . . . . Kinetic 192 | . 49 7 46 9 . 24 57 Thermal 172 | . 49 7 46 9 . 25 36 Explosive . | . . . . . . . . Electromagnetic . | . . . . . . . . Robot Hit Streak 17 | . 7 3 7 16 . 10 17 Robot Miss Streak 11 | . 7 5 8 6 . 11 2 Penetration Max 1 | . . . . . . . 1 Secondary Targets 4 | . . . . 2 . 2 . Max Gunslinging Chain 1 | . . . . 1 . 1 . Shots Hit Robots 241 | . 53 5 67 14 . 40 62 Core Hits 169 | . 25 2 64 18 . 31 29 Critical Kills . | . . . . . . . . Critical Parts Destroyed 2 | . 1 . . . . . 1 Critical Strikes 6 | . 4 1 . . . . 1 Burn 4 | . 3 1 . . . . . Destroy 2 | . 1 . . . . . 1 Melee Attacks . | . . . . . . . . Impact . | . . . . . . . . Slashing . | . . . . . . . . Piercing . | . . . . . . . . Sneak Attacks . | . . . . . . . . Combat Hostiles . | . . . . . . . . Follow-up Attacks . | . . . . . . . . Damage Inflicted 3289 | . 570 78 756 183 . 591 1111 Guns 3233 | . 560 65 756 183 . 571 1098 Cannons . | . . . . . . . . Explosions . | . . . . . . . . Melee . | . . . . . . . . Ramming 56 | . 10 13 . . . 20 13 Kinetic 1431 | . 219 40 217 45 . 283 627 Thermal 1802 | . 341 25 539 138 . 288 471 Explosive . | . . . . . . . . Electromagnetic . | . . . . . . . . Impact . | . . . . . . . . Slashing . | . . . . . . . . Piercing . | . . . . . . . . Highest Corruption . | . . . . . . . . Average Corruption . | . . . . . . . . Corruption Purged . | . . . . . . . . Corruption Blocked . | . . . . . . . . Overload Shots . | . . . . . . . . Overflow Damage . | . . . . . . . . Projectiles . | . . . . . . . . Explosions . | . . . . . . . . Melee . | . . . . . . . . Knockbacks . | . . . . . . . . Impact . | . . . . . . . . Kinetic . | . . . . . . . . Secondary . | . . . . . . . . Self-Inflicted Damage . | . . . . . . . . Shots . | . . . . . . . . Rammed 12 | . . 2 . . . 7 3 Targets Rammed 18 | . 6 2 . . . 7 3 Kicked 6 | . 6 . . . . . . Crushed . | . . . . . . . . Highest Temperature 419 | . 120 63 323 326 . 375 419 Average Temperature 95 | . 28 32 91 140 . 157 117 Received Heat Transfer 1017 | . 12 . 240 126 . 153 486 Effects 8 | . . . . . . 2 6 Shutdowns 1 | . . . . . . . 1 Interference 5 | . . . . . . 1 4 Damage (minor) 2 | . . . . . . 1 1 Siege Activations . | . . . . . . . . Robots Corrupted . | . . . . . . . . Combat Hostiles . | . . . . . . . . Parts Fried . | . . . . . . . . Impact Corruptions . | . . . . . . . . Robots Melted . | . . . . . . . . Combat Hostiles . | . . . . . . . . Parts Melted 5 | . 1 . . . . . 4 Heat Transferred 3575 | . 1221 148 682 175 . 350 999 Parts Sabotaged . | . . . . . . . . Parts Stolen . | . . . . . . . . Parts Stripped . | . . . . . . . . Power Chain Reactions . | . . . . . . . . Alert | -11 -10 -10 -9 -9 -9 -8 -8 ------- Run | Yrd Mat Min Mat Min Exi Min Mat Peak Influence 381 | . 244 35 381 148 . 165 280 Initial 148 | . . . . 148 . . 64 Average 65 | . 59 3 138 111 . 33 82 Maximum Alert Level 1 | . 1 . 1 . . . 1 Low Security (%) 92 | 100 90 100 69 100 . 100 95 Level 1 7 | . 9 . 30 . . . 4 Level 2 . | . . . . . . . . Level 3 . | . . . . . . . . Level 4 . | . . . . . . . . Level 5 . | . . . . . . . . High Security . | . . . . . . . . Max Security . | . . . . . . . . Squads Dispatched 5 | . 1 . 2 . . . 2 Investigation 2 | . . . 2 . . . . Extermination . | . . . . . . . . Reinforcement 2 | . 1 . . . . . 1 Assault . | . . . . . . . . Garrison 1 | . . . . . . . 1 Intercept . | . . . . . . . . Searches Triggered . | . . . . . . . . Construction Impeded . | . . . . . . . . Haulers Reinforced . | . . . . . . . . Active Scanning Responses . | . . . . . . . . Cargo Convoy Interrupts . | . . . . . . . . Stealth | -11 -10 -10 -9 -9 -9 -8 -8 --------- Run | Yrd Mat Min Mat Min Exi Min Mat Distress Signals 8 | . 3 1 1 . . . 3 Communications Jammed . | . . . . . . . . Distress Signals . | . . . . . . . . Times Spotted 91 | . 27 1 24 5 . 13 21 Peak Tracking Total 8 | . 4 1 6 3 . 8 7 Tactical Retreats 11 | . 3 . 2 . . 1 5 Traps | -11 -10 -10 -9 -9 -9 -8 -8 ------- Run | Yrd Mat Min Mat Min Exi Min Mat Traps Triggered 3 | . 1 . 2 . . . . Indirectly . | . . . . . . . . Trap Hack Attempts . | . . . . . . . . Triggered . | . . . . . . . . Disarmed . | . . . . . . . . Reprogrammed . | . . . . . . . . Reused . | . . . . . . . . Traps Extracted . | . . . . . . . . Installed . | . . . . . . . . Triggered . | . . . . . . . . Machines | -11 -10 -10 -9 -9 -9 -8 -8 ---------- Run | Yrd Mat Min Mat Min Exi Min Mat Machines Disabled 2 | . . . 2 . . . . Max in Single Turn 2 | . . . 2 . . . . Machines Repaired . | . . . . . . . . Machines Dismantled . | . . . . . . . . Machines Sabotaged . | . . . . . . . . Overloaded Fab Kills . | . . . . . . . . Hacking | -11 -10 -10 -9 -9 -9 -8 -8 --------- Run | Yrd Mat Min Mat Min Exi Min Mat Machines Accessed 19 | . 8 1 6 . 2 . 2 Terminals 14 | . 6 1 5 . . . 2 Fabricators . | . . . . . . . . Repair Stations 1 | . 1 . . . . . . Recycling Units 2 | . 1 . 1 . . . . Scanalyzers . | . . . . . . . . Garrison Access . | . . . . . . . . Total Hacks 58 | . 16 1 10 . 24 . 7 Successful 40 | . 5 1 4 . 24 . 6 Failed 17 | . 10 . 6 . . . 1 Catastrophic . | . . . . . . . . Database Lockouts 1 | . 1 . . . . . . Manual 25 | . 11 . 9 . 1 . 4 Terminals 29 | . 12 1 9 . . . 7 Fabricators . | . . . . . . . . Repair Stations 2 | . 2 . . . . . . Recycling Units 3 | . 2 . 1 . . . . Scanalyzers . | . . . . . . . . Garrison Access . | . . . . . . . . Terminal Hacks 31 | . 2 1 . . 24 . 4 Record 25 | . . 1 . . 23 . 1 Robot Analysis 1 | . 1 . . . . . . Prototype ID Bank 2 | . 1 . . . . . 1 Emergency Access Points 1 | . . . . . . . 1 Hauler Manifests 1 | . . . . . . . 1 Derelict Proto ID Bank 1 | . . . . . 1 . . Fabricator Hacks . | . . . . . . . . Repair Station Hacks . | . . . . . . . . Recycling Unit Hacks 2 | . 1 . 1 . . . . Retrieve Components 2 | . 1 . 1 . . . . Scanalyzer . | . . . . . . . . Garrison Access Hacks . | . . . . . . . . Unauthorized Hacks 7 | . 2 . 3 . . . 2 Terminals 7 | . 2 . 3 . . . 2 Botnet 5 | . 2 . 2 . . . 1 Operators 2 | . . . 1 . . . 1 Fabricators . | . . . . . . . . Repair Stations . | . . . . . . . . Recycling Units . | . . . . . . . . Scanalyzers . | . . . . . . . . Garrison Access . | . . . . . . . . Data Cores Recovered . | . . . . . . . . Used . | . . . . . . . . Hacking Detections 13 | . 6 . 5 . . . 2 Full Trace Events . | . . . . . . . . Feedback Events . | . . . . . . . . Feedback Blocked . | . . . . . . . . Robot Schematics Acquired . | . . . . . . . . Robots Built . | . . . . . . . . Authchips . | . . . . . . . . Time . | . . . . . . . . Total Robot Build Rating . | . . . . . . . . Part Schematics Acquired . | . . . . . . . . Parts Built . | . . . . . . . . Authchips . | . . . . . . . . Time . | . . . . . . . . Total Part Build Rating . | . . . . . . . . Parts Repaired . | . . . . . . . . Time . | . . . . . . . . Parts Recycled . | . . . . . . . . Recycled Matter . | . . . . . . . . Retrieved Matter . | . . . . . . . . Retrieved Components 12 | . 9 . 3 . . . . Parts Scanalyzed . | . . . . . . . . Part Schematics Acquired . | . . . . . . . . Parts Damaged . | . . . . . . . . Bothacking | -11 -10 -10 -9 -9 -9 -8 -8 ------------ Run | Yrd Mat Min Mat Min Exi Min Mat Used RIF Installer . | . . . . . . . . Robots Hacked . | . . . . . . . . Non-combat . | . . . . . . . . Combat . | . . . . . . . . Robot Hacks Applied . | . . . . . . . . Relay Couplers Released . | . . . . . . . . Fabnet Peak Effective % . | . . . . . . . . Robots Rewired 4 | . . . . . 4 . . Allies Hacked . | . . . . . . . . Hacks Repelled . | . . . . . . . . Allies | -11 -10 -10 -9 -9 -9 -8 -8 -------- Run | Yrd Mat Min Mat Min Exi Min Mat Total Allies 5 | . . 1 . . 4 . . Largest Group 4 | . . 1 . . 4 3 . Highest-Rated Group 45 | . . 31 . . 45 37 . Highest-Rated Ally 31 | . . 31 . . 21 21 . Total Orders . | . . . . . . . . Ally Attacks 25 | . . . . . . 25 . Total Damage 296 | . . . . . . 296 . Kills 2 | . . . . . . 2 . Allies Corrupted . | . . . . . . . . Allies Melted . | . . . . . . . . Intel | -11 -10 -10 -9 -9 -9 -8 -8 ------- Run | Yrd Mat Min Mat Min Exi Min Mat Robot Analysis Total 1 | . 1 . . . . . . Derelict Logs Recovered 2 | . . 1 . 1 . . . Drone Launches . | . . . . . . . . Drone Recoveries . | . . . . . . . . Exploration | -11 -10 -10 -9 -9 -9 -8 -8 ------------- Run | Yrd Mat Min Mat Min Exi Min Mat Turns Passed 8566 | 70 1814 1475 1198 691 1061 1073 1184 Spaces Moved 3416 | 53 741 447 617 423 438 295 402 Core 8 | 8 . . . . . . . Treads 1667 | . 269 447 17 . 237 295 402 Legs 517 | 45 472 . . . . . . Wheels 1224 | . . . 600 423 201 . . Hover . | . . . . . . . . Flight . | . . . . . . . . Fastest Speed 50 | 50 120 320 135 135 135 320 240 Average Speed 223 | 109 217 320 158 148 235 321 240 Slowest Speed 480 | 120 320 320 320 150 320 480 240 Overloaded Moves . | . . . . . . . . Propulsion Burnouts . | . . . . . . . . Robots Hopped . | . . . . . . . . Cave-ins Triggered . | . . . . . . . . Exploration Rate (%) 61 | 3 97 88 44 89 88 53 26 Regions Visited 7 Branch Regions 4 Pre-discovered Areas 2 | . . . . 1 1 . . Known Exits Taken . | . . . . . . . . Unknown Exits Taken 7 | 1 1 1 1 1 1 1 . Scrap Searched 5 | . . 1 . 3 . 1 . Spaces Dug . | . . . . . . . . Terrain Destroyed 24 | . . . 24 . . . . Melee . | . . . . . . . . Projectile . | . . . . . . . . AOE 24 | . . . 24 . . . . Terrain Rammed . | . . . . . . . . Walls Destroyed . | . . . . . . . . Machines Disabled . | . . . . . . . . Actions | -11 -10 -10 -9 -9 -9 -8 -8 --------- Run | Yrd Mat Min Mat Min Exi Min Mat Total 3983 | 61 854 475 756 469 473 357 538 Wait 191 | . 29 16 54 29 . 18 45 Move 3410 | 52 740 447 616 422 437 294 402 Hop . | . . . . . . . . Pick Up 54 | 2 16 2 12 1 7 3 11 Fast Attach 8 | 6 1 . . 1 . . . Attach 12 | . . . 5 1 . 2 4 Detach . | . . . . . . . . Swap 44 | 1 7 1 12 4 2 4 13 Drop 43 | . 6 1 11 2 7 3 13 Fire 184 | . 49 7 46 9 . 26 47 Melee . | . . . . . . . . Ram . | . . . . . . . . Kick 6 | . 6 . . . . . . Crush 11 | . . 1 . . . 7 3 Escape Stasis . | . . . . . . . . Rewire 20 | . . . . . 20 . . Trap . | . . . . . . . . Miscellaneous . | . . . . . . . . Route ------- -11/Scrapyard -10/Materials (discovered 6 exits: *Mat x3 / *Min x2 / [*Sub]) -10/Mines -9/Materials (discovered 2 exits: *Mat / [*Min]) -9/Mines (discovered 2 exits: *Mat / *Exi) -9/Exiles -8/Mines -8/Materials History --------- Turn | Location | Event 4 | -11/Scrapyard | Discovered new exit (range 16) 71 | -11/Scrapyard | Entered Materials 243 | -10/Materials | Discovered new exit (range 7) 301 | -10/Materials | Build established: Mutant 324 | -10/Materials | Discovered new exit (range 14) 416 | -10/Materials | Central database locked down 685 | -10/Materials | Discovered new exit (range 12) 846 | -10/Materials | Discovered new exit (range 8) 1155 | -10/Materials | Discovered new exit (range 7) 1741 | -10/Materials | Discovered new exit (range 11) 1885 | -10/Materials | Entered Mines 1938 | -10/Mines | Assembled infested the area 1943 | -10/Mines | Assisted by a Guerilla fighting off Assembled 2205 | -10/Mines | Received a Mining Laser from a helpful Derelict 2263 | -10/Mines | Learned Materials stockpile data 2511 | -10/Mines | Core integrity fell below 50% 3101 | -10/Mines | Discovered new exit (range 10) 3360 | -10/Mines | Entered Materials 3360 | -9/Materials | Evolved 2 slots: Utility x2 3712 | -9/Materials | Discovered new exit (range 8) 4129 | -9/Materials | Discovered new exit (range 16) 4558 | -9/Materials | Entered Mines 4632 | -9/Mines | Found a damaged Exp. Sensor Array with a note attached 4635 | -9/Mines | Found Prototype Device 4635 | -9/Mines | Identified Exp. Sensor Array 4761 | -9/Mines | Discovered new exit (range 8) 5243 | -9/Mines | Deemed a non-threat by the Exiles lab entrance 5244 | -9/Mines | Discovered new exit (range 5) 5249 | -9/Mines | Entered Exiles 5249 | -9/Exiles | Found Exiles lab destroyed 5390 | -9/Exiles | Opened EX-Vault 5395 | -9/Exiles | Found Field Lobotomy Kit 5839 | -9/Exiles | Build established: Scavenger-Mutant 6167 | -9/Exiles | Learned location of Zion (-6) 6281 | -9/Exiles | Discovered new exit (range 10) 6310 | -9/Exiles | Entered Mines 6310 | -8/Mines | Accompanied by 4 allies 6362 | -8/Mines | Lost 3 allies 7272 | -8/Mines | Discovered new exit (range 10) 7286 | -8/Mines | Core integrity fell below 50% 7383 | -8/Mines | Entered Materials 7383 | -8/Materials | Evolved 2 slots: Propulsion x2 7772 | -8/Materials | Build established: Mutant 8241 | -8/Materials | Build established: Scavenger-Mutant 8538 | -8/Materials | Garrison activated, responded to threat 8567 | -8/Materials | Self-destructed Last Messages --------------- 08438_ Overheating: System interference. 08438_ Field Laser temporarily disabled. 08438_ Autogun temporarily disabled. 08438_ Slammed into R-06 Scavenger. 08439_ Acquired 4 matter. 08474_ O-16 Technician destroyed. 08477_ Acquired 4 matter. 08484_ R-06 Scavenger collects Datajack. 08484_ R-06 Scavenger collects Hover Unit. 08511_ W-25 Informer sends out distress signal. 08538_ Y-45 Defender calls for garrison reinforcements. 08538_ ALERT: Activating Garrison Access M001. 08541_ Y-45 Defender destroyed. 08552_ G-47 Trooper destroyed. 08555_ Acquired 24 matter. 08562_ R-06 Scavenger collects Lgt. Armor Plating. 08566_ Dropped Lgt. Treads. 08567_ R-06 Scavenger collects Lgt. Treads. Map ----- +----------------------------------------------------+ | ????????????????????????????????????????????????? | | ????????????????????????????????????????????????? | | ????????????????????????????????????????????????? | | ????????????????????????????????????????????????? | | ????????????????????????????????????????????????? | | ????????????????????????????????????????????????? | | ????????????????????????????????????????????????? | | ????????????????????????????????????????????????? | | ????????????????????????????????????????????????? | | ????????????????????????????????????????????????? | | ????????????????????????????????????????????????? | | ????????????????????????????????????????????????? | | ????????????????????????????????????????????????? | | ???????????????????????#####????????????????????? | | ???????????????????????# ???????????????????? | | ????????###+########+### """??????????????????? | | ????????# ## ! """#?????????????????? | | ????????+ ^ + """#?????????????????? | | ????????? ^ ^ ] ##s #?????????????????? | | ??????????# """ ## """#?????????????????? | | ??????????# """ ## """#?????????????????? | | ??????????# """ " # """#?????????????????? | | ??????????# T s # #?????????????????? | | ??????????# = " r# """#?????????????????? | | ??????????# s% """#?????????????????? | | ??????????# % ! #@ """#?????????????????? | | ?????##########+## # #?????????????????? | | ?????# # #########????????????????? | | ?????# """ # ?????????? | | ?????# """ # ?????????? | | ?????# """ "" # ?????????? | | ?????# Y" # ??????????? | | ###### "" # ??????????? | | # # ############### ???????????? | | # #########+###????? #???# ???????????? | | # #?????# ##### #?????? ???????????? | | # ####### ?????????????????? | | # +% = % ! ?????????????????? | | # ####### ?????????????????? | | # #?????# % ##### #??????????????????? | | # #?#######+#######? ???????????????????? | | # #?# ! #??# ###???????????????????? | | ######?# "" """ #??# #?????????????????????? | | ???????# """"""""" #??# #?????????????????????? | | ???????# """"" #??# #?????????????????????? | | ???????# = #### #?????????????????????? | | ???????# + *#?????????????????????? | | ???????##################=#?????????????????????? | | ?????????????????# #!#?????????????????????? | | ?????????????????# """ #[#?????????????????????? | +----------------------------------------------------+ Best States ------------- Heat Dissipation 31 Energy Generation 18 Energy Capacity 265 Matter Stores 300 Matter Capacity 300 Sight Range 16 Terrain Scan Density 10 Armor Coverage 225 Utility Shielding 33 Weapon Shielding 33 Evasion (%) 55 Recoil Reduction 4 Offensive Hacking 10 Item Schematics ----------------- None Robot Schematics ------------------ None Fabricated ------------ Nothing Alien Tech Used ----------------- None Achievements -------------- None Challenges ------------ None Game ------ Seed ChromaticDisruptorLance Manual? 0 Play Time 00:34:34 Cumulative 47.0 hours Start 2024.09.19 @ 14:54:11 End 2024.09.19 @ 15:32:58 Sessions 1 Manual Loads 0 Difficulty Rogue Special Mode None Game No. 85 Rogue 85 Adventurer 0 Explorer 0 Win Type - Total 0 Types 0/0/0/0/0/0/0/0/0 Lore% 18 Gallery% 36 Achievement% 32 Wizard Run 0 Options --------- Layout 1 ASCII 0 Keyboard 1 Movement Numpad Keybinds 0 Fullscreen 1 Font 24/Smallcaps Map View 50x35 Zoom Use 0% Tactical HUD 1 Map Filters NONE Filters NONE Steam 1 RUN: 45007440-af50-4fd9-bad1-05152f137d13